3A
HIGHWOOD HAWKS @ GRAND FORKS CATERPILLARS
07/02/2033
 
TOP OF THE 1ST
Highwood Hawks batting - Pitching for Grand Forks Caterpillars : RHP George Kane
Pitching: RHP George Kane
Batting: SHB Arvo Helminen 0-0: Ball
1-0: Foul Ball, location: 2F
1-1: Ball
2-1: Called Strike
2-2: Ball
3-2: Ground out U3 (Groundball, 34)
Batting: LHB Tom Bell 0-0: Called Strike
0-1: Ball
1-1: Foul Ball, location: 2F
1-2: Foul Ball, location: 2F
1-2: Ground out 5-3 (Groundball, 56)
Batting: RHB Paul Tate 0-0: Ball
1-0: Foul Ball, location: 2F
1-1: Called Strike
1-2: Foul Ball, location: 2F
1-2: Ball
2-2: Foul Ball, location: 2F
2-2: Strikes out looking
Top of the 1st over - 0 runs, 0 hits, 0 errors, 0 left on base; Highwood 0 - Grand Forks 0
BOTTOM OF THE 1ST
Grand Forks Caterpillars batting - Pitching for Highwood Hawks : LHP Bruno Mumford
Pitching: LHP Bruno Mumford
Batting: SHB Goro Yokoyama 0-0: Ball
1-0: Called Strike
1-1: Ground out 5-3 (Groundball, 56)
Batting: RHB Luis Álvarez 0-0: Ball
1-0: SINGLE (Groundball, 4M) (infield hit)
Batting: LHB Richello Mabait 0-0: Fly out, F6 (Flyball, 56D)
Batting: RHB José Ortíz 0-0: Ball
1-0: Fly out, F9 (Flyball, 9LS)
Bottom of the 1st over - 0 runs, 1 hit, 0 errors, 1 left on base; Highwood 0 - Grand Forks 0
TOP OF THE 2ND
Highwood Hawks batting - Pitching for Grand Forks Caterpillars : RHP George Kane
Batting: RHB Paul Byrd 0-0: Foul Ball, location: 2F
0-1: Ball
1-1: Fly out, F3 (Popup, 23F)
Batting: LHB Yi-da Yee 0-0: Ball
1-0: Foul Ball, location: 2F
1-1: Swinging Strike
1-2: Ball
2-2: Ground out 4-3 (Groundball, 4M)
Batting: SHB Leon Green 0-0: Ball
1-0: Ground out 5-3 (Groundball, 56)
Top of the 2nd over - 0 runs, 0 hits, 0 errors, 0 left on base; Highwood 0 - Grand Forks 0
BOTTOM OF THE 2ND
Grand Forks Caterpillars batting - Pitching for Highwood Hawks : LHP Bruno Mumford
Batting: RHB Lynwood Dimartínez 0-0: Called Strike
0-1: Ball
1-1: Ball
2-1: Foul Ball, location: 2F
2-2: Strikes out swinging
Batting: RHB Rio Clark 0-0: Ground out 5-3 (Groundball, 56S)
Batting: RHB Xiong Phan 0-0: Ball
1-0: Ball
2-0: Called Strike
2-1: Ground out U3 (Groundball, 3S)
Bottom of the 2nd over - 0 runs, 0 hits, 0 errors, 0 left on base; Highwood 0 - Grand Forks 0
TOP OF THE 3RD
Highwood Hawks batting - Pitching for Grand Forks Caterpillars : RHP George Kane
Batting: RHB Jurg Dansen 0-0: Ball
1-0: Called Strike
1-1: Ball
2-1: Fly out, F7 (Flyball, 7D)
Batting: RHB Ron Lawrence 0-0: Ball
1-0: Called Strike
1-1: Called Strike
1-2: Ball
2-2: Ball
3-2: SINGLE (Groundball, 34D)
Batting: LHB Abel Apolinrio 0-0: Ball
1-0: Called Strike
1-1: Swinging Strike
1-2: Strikes out swinging
Batting: SHB Arvo Helminen 0-0: Foul Ball, location: 2F
0-1: Ball
1-1: Ball
2-1: DOUBLE (Groundball, 5L)
Ron Lawrence to third
Runner from 3rd tries for Home, SAFE, no throw
Batting: LHB Tom Bell 0-0: Ball
1-0: Swinging Strike
1-1: Ground out 3-1 (Groundball, 34S)
Top of the 3rd over - 1 run, 2 hits, 0 errors, 1 left on base; Highwood 1 - Grand Forks 0
BOTTOM OF THE 3RD
Grand Forks Caterpillars batting - Pitching for Highwood Hawks : LHP Bruno Mumford
Batting: RHB Desi Fleming 0-0: Ball
1-0: Ground out 6-3 (Groundball, 6)
Batting: LHB Jeremy Malzahn 0-0: Called Strike
0-1: Swinging Strike
0-2: Ball
1-2: Ball
2-2: Ball
3-2: Foul Ball, location: 2F
3-2: Base on Balls
Batting: SHB Goro Yokoyama 0-0: Ball
1-0: Called Strike
1-1: Foul Ball, location: 2F
1-2: Strikes out swinging
Batting: RHB Luis Álvarez 0-0: Ball
1-0: Called Strike
1-1: Swinging Strike
1-2: Ball
2-2: Fly out, F8 (Flyball, 89D)
Bottom of the 3rd over - 0 runs, 0 hits, 0 errors, 1 left on base; Highwood 1 - Grand Forks 0
TOP OF THE 4TH
Highwood Hawks batting - Pitching for Grand Forks Caterpillars : RHP George Kane
Batting: RHB Paul Tate 0-0: Ball
1-0: Called Strike
1-1: Called Strike
1-2: Strikes out looking
Batting: RHB Paul Byrd 0-0: Called Strike
0-1: Foul Ball, location: 2F
0-2: Fly out, F7 (Flyball, 7LM)
Batting: LHB Yi-da Yee 0-0: Ball
1-0: Ball
2-0: Called Strike
2-1: Ball
3-1: Called Strike
3-2: Foul Ball, location: 2F
3-2: Base on Balls
Batting: SHB Leon Green 0-0: Ball
1-0: Called Strike
1-1: Ball
2-1: Foul Ball, location: 2F
2-2: Ball
3-2: Ground out 4-3 (Groundball, 34)
Top of the 4th over - 0 runs, 0 hits, 0 errors, 1 left on base; Highwood 1 - Grand Forks 0
BOTTOM OF THE 4TH
Grand Forks Caterpillars batting - Pitching for Highwood Hawks : LHP Bruno Mumford
Batting: LHB Richello Mabait 0-0: Called Strike
0-1: Foul Ball, location: 2F
0-2: SINGLE (Line Drive, 6M)
Batting: RHB José Ortíz 0-0: Called Strike
0-1: Fly out, F7 (Flyball, 7)
Batting: RHB Lynwood Dimartínez 0-0: Ball
1-0: Swinging Strike
1-1: Ball
2-1: Called Strike
2-2: Ball
3-2: Foul Ball, location: 2F
3-2: Hit by Pitch
Richello Mabait to second
Batting: RHB Rio Clark 0-0: Grounds into double play, 5-4-3 (Groundball, 56)
Bottom of the 4th over - 0 runs, 1 hit, 0 errors, 1 left on base; Highwood 1 - Grand Forks 0
TOP OF THE 5TH
Highwood Hawks batting - Pitching for Grand Forks Caterpillars : RHP George Kane
Batting: RHB Jurg Dansen 0-0: Ball
1-0: Foul Ball, location: 2F
1-1: Fly out, F7 (Flyball, 7S)
Batting: RHB Ron Lawrence 0-0: Ball
1-0: Foul Ball, location: 2F
1-1: DOUBLE (Flyball, 89XD)
Batting: LHB Abel Apolinrio 0-0: Ball
1-0: Ball
2-0: Called Strike
2-1: Ball
3-1: Foul Ball, location: 2F
3-2: Foul Ball, location: 2F
3-2: Fly out, F9 (Flyball, 9LSF)
Pitching: LHP Taylor Geldard
Batting: SHB Arvo Helminen 0-0: Called Strike
0-1: Ball
1-1: Ball
2-1: Swinging Strike
2-2: Strikes out swinging
Top of the 5th over - 0 runs, 1 hit, 0 errors, 1 left on base; Highwood 1 - Grand Forks 0
BOTTOM OF THE 5TH
Grand Forks Caterpillars batting - Pitching for Highwood Hawks : LHP Bruno Mumford
Batting: RHB Xiong Phan 0-0: Ball
1-0: Called Strike
1-1: Ball
2-1: SINGLE (Groundball, 34D)
Batting: RHB Desi Fleming 0-0: Ball
1-0: Called Strike
1-1: Ball
Wild Pitch!
Xiong Phan to second
2-1: Ground out 5-3 (Groundball, 56S)
Xiong Phan to third
Batting: LHB Jeremy Malzahn 0-0: Hit by Pitch
Batting: SHB Goro Yokoyama 0-0: Swinging Strike
0-1: Ball
1-1: Ball
2-1: Ball
3-1: Foul Ball, location: 2F
3-2: DOUBLE (Flyball, 89D)
Xiong Phan scores
Jeremy Malzahn to third
Runner from 3rd tries for Home, throw and OUT!
Goro Yokoyama to third
Batting: RHB Luis Álvarez 0-0: Swinging Strike
0-1: Foul Ball, location: 2F
0-2: Fly out, F8 (Flyball, 8LS)
Bottom of the 5th over - 1 run, 2 hits, 0 errors, 1 left on base; Highwood 1 - Grand Forks 1
TOP OF THE 6TH
Highwood Hawks batting - Pitching for Grand Forks Caterpillars : LHP Taylor Geldard
Batting: LHB Tom Bell 0-0: Foul Ball, location: 2F
0-1: Foul Ball, location: 2F
0-2: Strikes out swinging
Batting: RHB Paul Tate 0-0: Called Strike
0-1: Foul Ball, location: 2F
0-2: Strikes out looking
Batting: RHB Paul Byrd 0-0: Ball
1-0: Called Strike
1-1: Foul Ball, location: 2F
1-2: Ball
2-2: Foul Ball, location: 2F
2-2: Foul Ball, location: 2F
2-2: SINGLE (Line Drive, 6MD)
Batting: LHB Yi-da Yee 0-0: Ball
1-0: Swinging Strike
1-1: Ball
2-1: Ball
3-1: Base on Balls
Paul Byrd to second
Batting: SHB Leon Green 0-0: Ball
1-0: Fly out, F5 (Popup, 56S)
Top of the 6th over - 0 runs, 1 hit, 0 errors, 2 left on base; Highwood 1 - Grand Forks 1
BOTTOM OF THE 6TH
Grand Forks Caterpillars batting - Pitching for Highwood Hawks : LHP Bruno Mumford
Batting: LHB Richello Mabait 0-0: Ball
1-0: SINGLE (Groundball, 56D)
Batting: RHB José Ortíz 0-0: Called Strike
0-1: Swinging Strike
0-2: Fly out, F9 (Flyball, 9S)
Batting: RHB Lynwood Dimartínez 0-0: Ball
1-0: Ball
2-0: SINGLE (Groundball, 56) (infield hit)
Richello Mabait to second
Batting: RHB Rio Clark 0-0: Ball
1-0: Fly out, F9 (Flyball, 89S)
Batting: RHB Xiong Phan 0-0: Called Strike
0-1: Foul Ball, location: 2F
0-2: Fly out, F7 (Flyball, 78D)
Bottom of the 6th over - 0 runs, 2 hits, 0 errors, 2 left on base; Highwood 1 - Grand Forks 1
TOP OF THE 7TH
Highwood Hawks batting - Pitching for Grand Forks Caterpillars : LHP Taylor Geldard
Batting: RHB Jurg Dansen 0-0: Ball
1-0: Ball
2-0: Ball
3-0: Called Strike
3-1: Called Strike
3-2: Strikes out swinging
Batting: RHB Ron Lawrence 0-0: Called Strike
0-1: Swinging Strike
0-2: Strikes out swinging
Pinch Hitting: RHB Victor Drenth 0-0: Foul Ball, location: 2F
0-1: Ball
1-1: Ball
2-1: Foul Ball, location: 2F
2-2: Ball
3-2: Foul Ball, location: 2F
3-2: DOUBLE (Line Drive, 78D)
Batting: SHB Arvo Helminen 0-0: Ball
1-0: Swinging Strike
1-1: Swinging Strike
1-2: Ball
2-2: Strikes out swinging
Top of the 7th over - 0 runs, 1 hit, 0 errors, 1 left on base; Highwood 1 - Grand Forks 1
BOTTOM OF THE 7TH
Grand Forks Caterpillars batting - Pitching for Highwood Hawks : LHP Bruno Mumford
Now at 1B: Victor Drenth
Batting: RHB Desi Fleming 0-0: SINGLE (Groundball, 6MD)
Pinch Hitting: RHB Elwiin Stuy 0-0: SINGLE (Groundball, 56D)
Desi Fleming to second
Batting: SHB Goro Yokoyama 0-0: Called Strike
0-1: Fielders Choice at 2nd, 6-4 (Groundball, 56)
Desi Fleming to third
Batting: RHB Luis Álvarez 0-0: Ball
Goro Yokoyama is caught stealing 2nd base
1-0: Ball
2-0: Ball
3-0: Called Strike
3-1: Swinging Strike
3-2: Base on Balls
Batting: LHB Richello Mabait 0-0: Ball
1-0: Called Strike
1-1: Fly out, F7 (Flyball, 7S)
Bottom of the 7th over - 0 runs, 2 hits, 0 errors, 2 left on base; Highwood 1 - Grand Forks 1
TOP OF THE 8TH
Highwood Hawks batting - Pitching for Grand Forks Caterpillars : LHP Taylor Geldard
Now at 1B: Juan Ortíz
Pinch Hitting: RHB Jorge Valenzuela 0-0: Swinging Strike
0-1: Foul Ball, location: 2F
0-2: Ball
1-2: Ground out 4-3 (Groundball, 4MD)
Batting: RHB Paul Tate 0-0: Swinging Strike
0-1: Ball
1-1: Foul Ball, location: 2F
1-2: Ball
2-2: Foul Ball, location: 2F
2-2: Strikes out swinging
Batting: RHB Paul Byrd 0-0: Called Strike
0-1: Ball
1-1: Foul Ball, location: 2F
1-2: Foul Ball, location: 2F
1-2: SINGLE (Groundball, 6MD)
Pitching: RHP Kenny Beck
Pinch Runner at 1st Paco Ibarra:
Batting: LHB Yi-da Yee 0-0: Ball
1-0: Called Strike
1-1: Foul Ball, location: 2F
1-2: Ball
2-2: Foul Ball, location: 2F
2-2: SINGLE (Groundball, 6D)
Paco Ibarra to second
Runner from 2nd tries for 3rd, SAFE, no throw
Batting: SHB Leon Green 0-0: Ball
1-0: Ball
2-0: Foul Ball, location: 2F
2-1: Called Strike
2-2: Strikes out swinging
Top of the 8th over - 0 runs, 2 hits, 0 errors, 2 left on base; Highwood 1 - Grand Forks 1
BOTTOM OF THE 8TH
Grand Forks Caterpillars batting - Pitching for Highwood Hawks : LHP Bruno Mumford
Now at 2B: Paco Ibarra
Now in RF: Cal MacKim
Batting: RHB José Ortíz 0-0: Fly out, F9 (Line Drive, 9S)
Batting: RHB Lynwood Dimartínez 0-0: Ball
1-0: Foul Ball, location: 2F
1-1: Swinging Strike
1-2: Foul Ball, location: 2F
1-2: Foul Ball, location: 2F
1-2: Ball
2-2: Ground out 1-3 (Groundball, 13)
Batting: RHB Rio Clark 0-0: Swinging Strike
0-1: Called Strike
0-2: DOUBLE (Groundball, 5L)
Pitching: LHP Danny Richardson
Batting: RHB Xiong Phan 0-0: Called Strike
0-1: Foul Ball, location: 2F
0-2: Fly out, F6 (Popup, 6MS)
Bottom of the 8th over - 0 runs, 1 hit, 0 errors, 1 left on base; Highwood 1 - Grand Forks 1
TOP OF THE 9TH
Highwood Hawks batting - Pitching for Grand Forks Caterpillars : RHP Kenny Beck
Batting: RHB Jurg Dansen 0-0: Called Strike
0-1: Ball
1-1: Foul Ball, location: 2F
1-2: Ball
2-2: Strikes out swinging
Batting: RHB Ron Lawrence 0-0: Fly out, F8 (Flyball, 8RM)
Batting: RHB Victor Drenth 0-0: Ball
1-0: Swinging Strike
1-1: Called Strike
1-2: Ball
2-2: Foul Ball, location: 2F
2-2: Foul Ball, location: 2F
2-2: Fly out, F9 (Flyball, 9S)
Top of the 9th over - 0 runs, 0 hits, 0 errors, 0 left on base; Highwood 1 - Grand Forks 1
BOTTOM OF THE 9TH
Grand Forks Caterpillars batting - Pitching for Highwood Hawks : LHP Danny Richardson
Pitching: RHP Kenny Hannah
Pinch Hitting: LHB Félix Castellanos 0-0: Called Strike
0-1: Ball
1-1: Swinging Strike
1-2: Foul Ball, location: 2F
1-2: Foul Ball, location: 2F
1-2: Ball
2-2: Strikes out looking
Batting: RHB Juan Ortíz 0-0: Ball
1-0: Called Strike
1-1: Foul Ball, location: 2F
1-2: Foul Ball, location: 2F
1-2: Ground out 5-3 (Groundball, 56)
Batting: SHB Goro Yokoyama 0-0: Called Strike
0-1: Ground out 4-3 (Groundball, 4D)
Bottom of the 9th over - 0 runs, 0 hits, 0 errors, 0 left on base; Highwood 1 - Grand Forks 1
TOP OF THE 10TH
Highwood Hawks batting - Pitching for Grand Forks Caterpillars : RHP Kenny Beck
Now at SS: Alohanani Koora
Batting: SHB Arvo Helminen 0-0: Ball
1-0: Ball
2-0: Ball
3-0: Called Strike
3-1: Foul Ball, location: 2F
3-2: Ground out 4-3 (Groundball, 4)
Batting: LHB Cal MacKim 0-0: Ball
1-0: Ground out 6-3 (Groundball, 6D)
Batting: RHB Paul Tate 0-0: Ball
1-0: Ball
2-0: Foul Ball, location: 2F
2-1: Foul Ball, location: 2F
2-2: Ball
3-2: Foul Ball, location: 2F
3-2: Strikes out looking
Top of the 10th over - 0 runs, 0 hits, 0 errors, 0 left on base; Highwood 1 - Grand Forks 1
BOTTOM OF THE 10TH
Grand Forks Caterpillars batting - Pitching for Highwood Hawks : RHP Kenny Hannah
Batting: RHB Luis Álvarez 0-0: Foul Ball, location: 2F
0-1: Called Strike
0-2: Ground out 1-3 (Groundball, 15S)
Batting: LHB Richello Mabait 0-0: Ball
1-0: Foul Ball, location: 2F
1-1: DOUBLE (Line Drive, 89D)
Batting: RHB José Ortíz 0-0: Swinging Strike
0-1: 2-RUN HOME RUN (Flyball, 7D), Distance : 371 ft
Saturday, December 22nd, 2018 - OOTP Baseball 18.8 Build 76